 Seeded DCSS version 0.29.1-15-g9cfb28693d (webtiles) character file.

Game seed: 16245865983455551772 (custom seed)

65 bmack86 the Shield-Bearer (level 3, -3/33 HPs)
             Began as a Minotaur Fighter on Mar 2, 2023.
             Killed by nerve-wracking pain
             ... invoked by a shadow imp
             ... summoned by Natasha
              (14 damage)
             ... on level 3 of the Dungeon.
             The game lasted 00:03:43 (1702 turns).

bmack86 the Shield-Bearer (Minotaur Fighter)        Turns: 1702, Time: 00:03:45

Health: -3/33      AC: 11    Str: 22    XL:     3   Next: 92%
Magic:  1/2        EV:  9    Int: 14    God:
Gold:   786        SH:  4    Dex:  9    Spells: 2/2 levels left

rFire   . . .      SeeInvis .   a - +0 war axe
rCold   . . .      Faith    .   c - +0 buckler
rNeg    . . .      Spirit   .   b - +0 scale mail
rPois   .          Reflect  .   (helmet restricted)
rElec   .          Harm     .   (no cloak)
rCorr   .          Rampage  .   f - +3 Mad Mage's Maulers {Infuse+∞ RegenMP Int-3}
Will    .....                   (no boots)
Stlth   ..........              (no amulet)
HPRegen 0.11/turn               j - +6 ring of intelligence
MPRegen 0.48/turn               k - +6 ring of intelligence

@: slowed, very slow
A: horns 2, retaliatory headbutt
a: no special abilities


You were on level 3 of the Dungeon.
You visited 1 branch of the dungeon, and saw 3 of its levels.

You collected 786 gold pieces.

Inventory:

Hand Weapons
 a - a +0 war axe (weapon)
Missiles
 h - 2 poisoned darts (quivered)
Armour
 b - a +0 scale mail (worn)
 c - a +0 buckler (worn)
 e - the +2 hat "Vorphaju" {Drain Regen+ Str+3 SInv}
   (You acquired it on level 1 of the Dungeon)

   Str:       It affects your strength (+3).
   SInv:      It lets you see invisible.
   Regen:     It increases your rate of health regeneration.
   Drain:     It drains your maximum health when unequipped.
 f - the +3 Mad Mage's Maulers (worn) {Infuse+∞ RegenMP Int-3}
   (You acquired it on level 1 of the Dungeon)

   It empowers its wearer's blows with all of their magic.
   It causes its wearer's magical reserves to regenerate more quickly.
   Int:       It affects your intelligence (-3).
Jewellery
 j - a +6 ring of intelligence (left hand)
 k - a +6 ring of intelligence (right hand)
Scrolls
 i - a scroll of summoning {unknown}
 l - a scroll of teleportation
 m - a scroll of enchant weapon {unknown}
 n - a scroll of identify {unknown}
Potions
 d - 2 potions of might
 g - 2 potions of flight {unknown}
 o - a potion of lignification {unknown}


   Skills:
 + Level 4.0 Fighting
 * Level 3.6 Axes
 + Level 1.0 Throwing
 + Level 4.1 Armour
 + Level 4.2 Shields


You had 2 spell levels left.
You didn't know any spells.
Your spell library contained the following spells:

 Spells                   Type           Power      Damage    Failure   Level
 Sting                    Tmut/Pois      0%         1d3       67%         1
 Poisonous Vapours        Pois/Air       0%         N/A       82%         2
 Olgreb's Toxic Radiance  Pois           0%         N/A       100%        4


Dungeon Overview and Level Annotations

Branches:
Dungeon (3/15)

Altars:

Annotations:
D:3 Natasha


Innate Abilities, Weirdness & Mutations

You have a pair of horns on your head.
You reflexively headbutt those who attack you in melee.


Message History

You slash the hobgoblin!
You kill the hobgoblin!
You barely miss the hobgoblin.
The rat twitches its whiskers.
The hobgoblin hits you but does no damage.
Natasha claws you.
The hobgoblin hits you but does no damage.
The rat bites you but does no damage.
Natasha casts a spell.
You hit Natasha.
Natasha is severely wounded.
You closely miss the hobgoblin. You hit the rat.
You kill the rat!
The hobgoblin hits you but does no damage.
Natasha claws you.
The shadow imp grins evilly.
You hit Natasha but do no damage.
Natasha is severely wounded.
You barely miss the adder. You hit the hobgoblin.
You kill the hobgoblin!
You hit the shadow imp but do no damage.
You block the adder's attack. The shadow imp barely misses you.
Natasha casts a spell at you. The magic dart hits you.
The adder bites you but does no damage.
Your Throwing skill increases to level 1!
You closely miss Natasha.
Natasha is severely wounded.
You slash the adder! You barely miss the shadow imp.
The adder bites you but does no damage.
The shadow imp hits you but does no damage.
Natasha closely misses you. The adder bites you but does no damage.
Natasha casts a spell at you.
You feel yourself slow down. The shadow imp barely misses you.
You closely miss Natasha.
Natasha is severely wounded.
You hit the shadow imp but do no damage.
You closely miss the adder. The adder bites you but does no damage.
The shadow imp gestures at you. Pain shoots through your body!
You die...

........#
........#
........#
......#
.....## #+
#....#
#.##..5.#
#.....@h##
#......S.#
#.........#
#............
#........##P#
#####+#### #


You could see Natasha, an adder and a shadow imp (summoned).

Vanquished Creatures
  Jessica (D:2)
  An adder (D:2)
  2 ball pythons (D:1)
  2 bats
  4 endoplasms (D:1)
  2 goblins (D:1)
  5 hobgoblins
  2 kobolds (D:1)
  3 quokkas (D:1)
  A frilled lizard (D:1)
  4 rats
27 creatures vanquished.

Notes
Turn   | Place    | Note
-------+----------+-------------------------------------------
     0 | D:1      | bmack86 the Minotaur Fighter began the quest for the Orb.
     0 | D:1      | Reached XP level 1. HP: 19/19 MP: 0/0
    64 | D:1      | Identified 3 scrolls of acquirement
    64 | D:1      | Acquired 695 gold pieces
    66 | D:1      | Acquired the +3 Mad Mage's Maulers {Infuse+∞ RegenMP Int-3}
    66 | D:1      | Found the +3 Mad Mage's Maulers {Infuse+∞ RegenMP Int-3}
    73 | D:1      | Acquired the +2 hat "Vorphaju" {Drain Regen+ Str+3 SInv}
   227 | D:1      | Found a faded altar of an unknown god.
   250 | D:1      | Reached XP level 2. HP: 27/27 MP: 1/1
  1273 | D:2      | Reached XP level 3. HP: 33/33 MP: 0/2
  1519 | D:2      | Noticed Jessica
  1525 | D:2      | Killed Jessica
  1691 | D:3      | Noticed Natasha
  1701 | D:3      | Reached skill level 1 in Throwing
  1702 | D:3      | Killed from afar by a shadow imp

Illustrated notes

Levels and vault maps discovered:
D:1:      minmay_arrival_hallway, layout_loops_corners, basic_ecumenical_altar,
          minmay_unequal
D:2:      layout_loops_ring, uniq_jessica
D:3:      layout_basic, serial_shops, nicolae_shop_advertising_works
          [nicolae_subvault_shop_adworks], minmay_shallow_snake_nest,
          uniq_natasha

Skill      XL: |  1  2  3 |
---------------+----------+-----
Axes           | 3 |  3.6
Shields        | 4 |  4.2
Fighting       | 4 |  4.0
Armour         | 4 |  4.1
Throwing       | 1 |  1.0

Action                   || total
-------------------------++-------
Melee: War axe           ||    54
       Headbutt          ||     5
  Use: Scroll            ||     4
Armor: Scale mail        ||    50
Dodge: Dodged            ||    36
Block: Buckler           ||    13
